 Dungeon Crawl Stone Soup version 0.31-a0-198-g2ad674f65e (webtiles) character file.

Game seed: 11600699501044658036

42 qw the Shooter (level 3, -2/20 HPs)
             Began as a Deep Elf Hunter on June 25, 2023.
             Slain by Sigmund
             ... wielding a +0 scythe
              (8 damage)
             ... on level 2 of the Dungeon.
             The game lasted 00:00:24 (740 turns).

qw the Shooter (Deep Elf Hunter)                     Turns: 740, Time: 00:00:25

Health: -2/20      AC: 10    Str: 10    XL:     3   Next: 35%
Magic:  5/5        EV: 11    Int: 13    God:
Gold:   48         SH:  0    Dex: 18    Spells: 2/2 levels left

rFire   . . .        Y - +0 shortbow (flame)
rCold   . . .        (shield currently unavailable)
rNeg    . . .        f - +0 ring mail
rPois   .            d - +0 helmet
rElec   .            (no cloak)
rCorr   .            (no gloves)
SInv    .            (no boots)
Will    .....        (no amulet)
Stlth   +            e - +4 ring of protection
HPRegen 0.23/turn    (no ring)
MPRegen 0.09/turn

%: no passive effects
@: no status effects
A: no striking features
a: no special abilities


You were on level 2 of the Dungeon.
You visited 1 branch of the dungeon, and saw 2 of its levels.

You collected 48 gold pieces.


   Skills:
 - Level 1.5 Fighting
 + Level 6.9 Ranged Weapons
 - Level 2.4 Dodging
 - Level 1.2 Stealth


You had 2 spell levels left.
You didn't know any spells.
Your spell library was empty.

Inventory:

Hand Weapons
 Y - a +0 shortbow of flaming (weapon)
Armour
 d - a +0 helmet (worn)
 f - a +0 ring mail (worn)
Jewellery
 e - a +4 ring of protection (left hand)
Scrolls
 b - a scroll of fear {unknown}
Potions
 a - a potion of resistance {unknown}
 c - 2 potions of might {unknown}
 g - a potion of ambrosia {unknown}

Dungeon Overview and Level Annotations

Branches:
Dungeon (2/15)

Altars:

Shops:
D:1 [

Annotations:
D:2 Sigmund


Message History

Enter note: You shoot an arrow.
The arrow hits the rat.
The arrow burns the rat.
You kill the rat!
A bat comes into view.
Enter note:
Enter note: You shoot an arrow.
The arrow hits the bat.
The arrow burns the bat.
You kill the bat!
You see here a bat corpse.
Found a stone staircase leading down.
Enter note:
Enter note: Sigmund the Dreaded comes into view.
He is wielding a +0 scythe.
Sigmund shouts!
You hear an angry hiss.
Enter note:
Enter note: You shoot an arrow.
The arrow closely misses Sigmund.
You shoot an arrow. The arrow completely misses Sigmund.
Sigmund gestures wildly while chanting.
Sigmund flickers and vanishes!
Deactivating autopickup; reactivate with Ctrl-A.
You shoot an arrow.
An adder comes into view.
A puff of flame appears from out of thin air!
The puff of flame hits you.
You shoot an arrow. The arrow closely misses the adder.
The adder hisses angrily.
A magic dart appears from out of thin air!
The magic dart hits you.
You shoot an arrow. The arrow closely misses the adder.
You shoot an arrow. The arrow hits the adder!
The arrow burns the adder.
The adder is almost dead.
You shoot an arrow. The arrow closely misses the adder.
Something hits you!
You shoot an arrow. The arrow closely misses the adder.
The adder bites you but does no damage. Something hits you but does no damage.
The adder barely misses you.
You shoot an arrow. The arrow misses the adder.
The adder closely misses you. Something hits you!
You die...

..#...# #.###.# ..#..###
#.#...###. #....#.#
#.#.#..... #..##.##
#......... ...#.#.#
#......... .##.##.#
#......... .#.###.#
#......... #.## #.#
#.###.#### %## #.#
#.@S.>....
######.########.....####
..................{.....
............#######.....
........###.### .....
#######.#.....# ....
#.#.#.#.# ... #.#.#.#.#
### #.#.#.#.#


You could see an adder.

Vanquished Creatures
  2 dart slugs (D:1)
  2 ball pythons
  4 endoplasms (D:1)
  3 goblins
  8 hobgoblins
  3 quokkas
  4 bats
  A frilled lizard (D:2)
  4 kobolds
  2 rats
33 creatures vanquished.

Notes
Turn   | Place    | Note
-------+----------+-------------------------------------------
     0 | D:1      | qw the Deep Elf Hunter began the quest for the Orb.
     0 | D:1      | Reached XP level 1. HP: 12/12 MP: 3/3
     0 | D:1      | 0 ||| qw: Version: 0.3-a-22-g0ed2b0b
     0 | D:1      | 0 ||| qw: Game counter: 4966
     0 | D:1      | 0 ||| qw: Melee chars always use a shield: true
     0 | D:1      | 0 ||| qw: God list: Okawaru
     0 | D:1      | 0 ||| qw: Allow faded altars: false
     0 | D:1      | 0 ||| qw: Do Orc after clearing Dungeon:15 true
     0 | D:1      | 0 ||| qw: Do second Lair branch before Depths: true
     0 | D:1      | 0 ||| qw: Lair rune preference: random
     0 | D:1      | 0 ||| qw: Goals: Normal
     0 | D:1      | 0 ||| PLANNING D:1-11
    28 | D:1      | HP: 3/12 [frozen (3)]
   126 | D:1      | Reached skill level 6 in Ranged Weapons
   126 | D:1      | Reached XP level 2. HP: 16/16 MP: 4/4
   140 | D:1      | Found Fumpaomo's Antique Armour Shoppe.
   153 | D:1      | 153 ||| SHOPLISTING cloak (99 gold, have 29).
   153 | D:1      | 153 ||| SHOPLISTING pair of boots (99 gold, have 29).
   153 | D:1      | 153 ||| SHOPLISTING ring mail (88 gold, have 29).
   153 | D:1      | 153 ||| SHOPLISTING runed leather armour (110 gold, have
                  | 29).
   153 | D:1      | 153 ||| SHOPLISTING shiny ring mail (154 gold, have 29).
   416 | D:1      | Reached XP level 3. HP: 19/20 MP: 5/5
   516 | D:1      | 516 ||| UPGRADING to +0 helmet.
   521 | D:1      | 521 ||| UPGRADING to +0 ring mail.
   531 | D:1      | 531 ||| DROPPING +0 leather armour.
   532 | D:1      | 532 ||| UPGRADING to +4 ring of protection.
   533 | D:1      | 533 ||| DROPPING ring of wizardry.
   534 | D:1      | 534 ||| READING 2 scrolls labelled LUGAMP VYGI.
   535 | D:1      | 535 ||| READING scroll labelled SIMOCS RYKE.
   536 | D:1      | 536 ||| DROPPING scroll of noise.
   537 | D:1      | 537 ||| DROPPING scroll of butterflies.
   731 | D:2      | Noticed Sigmund
   738 | D:2      | HP: 5/20 [something (9)]
   740 | D:2      | Slain by Sigmund

Levels and vault maps discovered:
D:1:      lightli_arrival_noodles, layout_basic, serial_shops,
          nicolae_shop_overgrown_old_shop
D:2:      wad_crossroads, layout_basic, hellmonk_ecumenical_altar_watching_god,
          nrook_mini_backslash, grunt_ministairs_2, minmay_misc_feat_ornament,
          uniq_sigmund, uniq_robin

Skill      XL: |  1 |
---------------+----+-----
Ranged Weapons | 6 |  6.9
Fighting       | |  1.5
Dodging        | |  2.4
Stealth        | |  1.2

Action                     || total
---------------------------++-------
   Fire: Shortbow          ||    98
    Use: Scroll            ||     2
 Armour: Leather armour    ||     3
         Ring mail         ||     7
  Dodge: Dodged            ||    22

Table legend:
 A = Non-vault XP
 B = Vault XP
 C = Vault XP percentage of total XP
 D = Non-vault monster count
 E = Vault monster count
 F = Vault count percentage of total count
                 A         B        C        D         E       F
            +---------+---------+-------+---------+---------+-------
      Total |      57 |       4 |   6.6 |      30 |       3 |   9.1
            +---------+---------+-------+---------+---------+-------
        D:1 |      43 |       0 |   0.0 |      22 |       0 |   0.0
        D:2 |      14 |       4 |  22.2 |       8 |       3 |  27.3
            +---------+---------+-------+---------+---------+-------
